 Dungeon Crawl Stone Soup version 0.22-a0-596-gfbd32a6 (webtiles) character file.

34300 galech the Warrior (level 13, -1/150 HPs)
             Began as an Ogre Berserker on July 5, 2018.
             Was a High Priest of Trog.
             Slain by a death yak (24 damage)
             ... on level 4 of the Lair of Beasts.
             The game lasted 00:27:21 (19879 turns).

galech the Warrior (Ogre Berserker)                Turns: 19879, Time: 00:27:21

Health: -1/150     AC:  7    Str: 24    XL:     13   Next: 76%
Magic:  13/13      EV: 14    Int:  8    God:    Trog [*****.]
Gold:   817        SH:  0    Dex: 12    Spells: 12/12 levels left

rFire    + . .     SeeInvis .   W - +6 morningstar (vamp)
rCold    . . .     Gourm    +   (no shield)
rNeg     + . .     Faith    .   L - +0 robe {rN+}
rPois    .         Spirit   .   H - +2 hat {MR+}
rElec    .         Reflect  .   F - +1 cloak {MR+}
rCorr    .         Harm     .   (gloves unavailable)
MR       +++++                  (boots unavailable)
Stlth    +++.......             U - amulet of the gourmand
HPRegen  1.35/turn              a - ring of protection from fire
MPRegen  0.13/turn              z - ring of protection from magic

@: berserk cooldown, regenerating, slowed, very slow
A: large, unfitting armour, tough skin 1
a: Berserk, Trog's Hand, Brothers in Arms, Renounce Religion


You were on level 4 of the Lair of Beasts.
You worshipped Trog.
Trog was extremely pleased with you.
You were very full.

You visited 2 branches of the dungeon, and saw 16 of its levels.
You also visited: Ossuary.

You collected 1034 gold pieces.
You spent 217 gold pieces at shops.

Inventory:

Hand Weapons
 A - a +6 whip of freezing
 W - a +6 vampiric morningstar (weapon)
 X - the +2 scythe of Unreason {protect, +Inv MR- Int+3}
   (You found it on level 3 of the Lair of Beasts)

   It protects the one who uses it against injury (+AC on strike).
   It affects your intelligence (+3).
   It affects your resistance to hostile enchantments.
   It lets you turn invisible.
Armour
 F - a +1 cloak of magic resistance (worn)
 H - a +2 hat of magic resistance (worn)
 L - a +0 robe of positive energy (worn)
Jewellery
 a - a ring of protection from fire (left hand)
 r - an uncursed ring of ice
 x - an uncursed ring of ice
 z - a ring of protection from magic (right hand)
 R - an uncursed ring of poison resistance
 U - an amulet of the gourmand (around neck)
 V - an uncursed ring of see invisible
Wands
 b - a wand of scattershot (5)
 C - a wand of digging (7)
Scrolls
 h - 2 scrolls of holy word
 i - 11 scrolls of remove curse
 j - 5 scrolls of enchant armour
 k - 6 scrolls of teleportation
 l - 6 scrolls of magic mapping
 o - 4 scrolls of blinking
 v - a scroll of fear
 K - 2 scrolls of fog
Potions
 d - 4 potions of agility {unknown}
 e - 6 potions of heal wounds {unknown}
 f - 9 potions of curing {unknown}
 g - 5 potions of might {unknown}
 m - 6 potions of haste {unknown}
 n - 2 potions of magic
 p - 2 potions of flight
 s - 4 potions of lignification
 t - a potion of degeneration
 D - a potion of ambrosia
 J - a potion of mutation
 M - a potion of cancellation
 N - a potion of resistance
 S - a potion of invisibility {unknown}
 Z - a potion of brilliance
Comestibles
 c - 30 rations


   Skills:
 + Level 15.4 Fighting
 + Level 13.6 Maces & Flails
 + Level 9.5 Dodging
 + Level 7.3 Stealth


You had 12 spell levels left.
You didn't know any spells.
Your spell library was empty.

Dungeon Overview and Level Annotations

Branches:
Dungeon (11/15)            Temple (0/1) D:5            Lair (5/6) D:9
 Shoals (0/4) Lair:4        Snake (0/4) Lair:4
  Slime: Lair:5-6       Orc: D:9-12

Altars:
Ashenzari
Dithmenos
Elyvilon
Fedhas
Hepliaklqana
Nemelex Xobeh
Okawaru
Qazlal
Ru
Vehumet
Xom
Yredelemnul
Jiyva
Lugonu

Shops:
D:6 ?(

Annotations:
D:11 1 transporter
Lair:2 3 runed doors, Ylunweux's ghost, journeyman GrFi


Innate Abilities, Weirdness & Mutations

You are too large for most types of armour.
You have tough skin. (AC +1)


Message History

The death yak is lightly wounded.
The death yak misses you.
You barely miss the death yak.
The death yak is lightly wounded.
The death yak closely misses you.
You impale the death yak!!
The death yak is heavily wounded.
The death yak closely misses you. The death yak gores you!!
* * * LOW HITPOINT WARNING * * *
Found 17 stones.
The death yak closely misses you.
There is a stone staircase leading up here.
The death yak gores you!!
* * * LOW HITPOINT WARNING * * *
The death yak gores you but does no damage.
You climb upwards.
You feel the effects of Trog's Hand fading.
There is a stone staircase leading down here.
The death yak gores you!!
You die...

#........## ##.......P#
####........# ###
###...........###.###
###............."...#.####
###.......................P#
...........................##
............................###
.........#.....Y@P#..........P#
....#.##.#......>######.......###
...#######.....Y.#####..P........
.### #.P.....###.............# P#
#.......# ###...####..... ##
###...(.# #..### #......
#.......## #..## ###....
##.......####..# ##...
##P.....###....# #....


You could see 2 death yaks.

Vanquished Creatures
  Rupert (Lair:3)
  Gastronok (D:8)
  A hydra (Lair:2)
  A centaur warrior (D:11)
  3 two-headed ogres
  8 death yaks
  The ghost of vierth the Fighter, a novice MiFi of Trog (D:8)
  Pikel (D:5)
  2 slime creatures (D:10)
  A merfolk siren (Lair:4)
  Joseph (D:7)
  7 elephants (Lair:4)
  A black mamba (Lair:3)
  Maurice (D:10)
  A molten gargoyle (Lair:2)
  6 spiny frogs
  3 komodo dragons
  7 blink frogs
  8 hippogriffs
  A vampire (D:10)
  2 wyverns
  21 yaks
  A fire elemental (Lair:2)
  4 hogs (D:8)
  A human (D:8)
  A hungry ghost (D:11)
  4 nagas (Lair:4)
  3 porcupines
  12 water moccasins
  5 orc warriors
  A black bear (D:7)
  4 sky beasts
  An ice beast (D:8)
  5 ogres
  A phantom (D:6)
  A necrophage (D:7)
  9 centaurs
  3 crocodiles
  A big kobold (D:10)
  7 bullfrogs
  A scorpion (D:10)
  13 killer bees
  4 wights (D:6)
  5 howler monkeys
  3 crimson imps
  A centaur zombie (D:6)
  A bullfrog zombie (D:11)
  Crazy Yiuf (D:7)
  2 jellies
  A centaur skeleton (D:7)
  3 hounds
  4 bullfrog skeletons
  5 orc priests
  8 orc wizards
  2 iguanas
  3 worker ants
  A hound zombie (D:11)
  12 mummies (Ossuary)
  A hound skeleton (D:8)
  2 worker ant zombies (D:9)
  6 gnolls
  A howler monkey skeleton (D:4)
  20 adders
  A shadow imp (D:9)
  An ooze (D:3)
  3 adder skeletons
  2 dart slugs
  5 leopard geckos
  47 orcs
  4 giant cockroaches
  6 hobgoblins
  13 jackals
  11 kobolds
  6 quokkas
  4 bats
  6 frilled lizards
  5 gnoll skeletons (Ossuary)
  3 goblins
  A goblin skeleton (Ossuary)
  2 orc skeletons (Ossuary)
  A quokka skeleton (D:4)
  10 rats
  11 rat skeletons (Ossuary)
  A fungus (D:4)
386 creatures vanquished.

Vanquished Creatures (others)
  2 fungi
  3 plants
5 creatures vanquished.

Grand Total: 391 creatures vanquished

Notes
Turn   | Place    | Note
-------+----------+-------------------------------------------
     0 | D:1      | galech the Ogre Berserker began the quest for the Orb.
     0 | D:1      | Reached XP level 1. HP: 24/24 MP: 1/1
   131 | D:1      | Reached XP level 2. HP: 22/32 MP: 2/2
   994 | D:2      | Reached XP level 3. HP: 29/40 MP: 3/3
  1969 | D:3      | Reached XP level 4. HP: 49/49 MP: 4/4
  1974 | D:3      | Reached ** piety under Trog
  2043 | D:3      | Reached XP level 5. HP: 55/55 MP: 5/5
  2047 | D:3      | Reached skill level 5 in Fighting
  2577 | D:3      | Reached XP level 6. HP: 66/66 MP: 6/6
  2584 | D:3      | Reached skill level 5 in Maces & Flails
  3239 | D:4      | Reached XP level 7. HP: 44/74 MP: 7/7
  3454 | D:4      | Reached skill level 6 in Fighting
  4328 | D:4      | Found a radiant altar of Vehumet.
  4528 | D:5      | Entered Level 5 of the Dungeon
  4864 | D:5      | Got a faintly glowing dagger
  4865 | D:5      | Identified the +4 dagger of Farphok {protect, rF++ MR-} (You found it on level 5 of the Dungeon)
  5006 | D:5      | Found a staircase to the Ecumenical Temple.
  5089 | D:5      | Reached skill level 1 in Stealth
  5089 | D:5      | Reached XP level 8. HP: 64/84 MP: 8/8
  5198 | D:5      | Noticed Pikel
  5220 | D:5      | Killed Pikel
  5220 | D:5      | Reached skill level 7 in Fighting
  5220 | D:5      | Reached skill level 5 in Dodging
  5642 | D:6      | Found Xizeloiw's Magic Scroll Boutique.
  5651 | D:6      | Bought a scroll of remove curse for 45 gold pieces
  5651 | D:6      | Bought a scroll of identify for 30 gold pieces
  5651 | D:6      | Bought a scroll of identify for 30 gold pieces
  5651 | D:6      | Bought a scroll of enchant weapon for 112 gold pieces
  5766 | D:6      | Found Qutell's Weapon Emporium.
  5836 | D:6      | Got a fine war axe
  5851 | D:6      | Identified the cursed +0 war axe "Xiphi" {protect, rC+} (You found it on level 6 of the Dungeon)
  5868 | D:6      | Reached *** piety under Trog
  5868 | D:6      | Reached skill level 8 in Fighting
  5946 | D:6      | Reached XP level 9. HP: 92/96 MP: 9/9
  6556 | D:6      | Found a shattered altar of Ashenzari.
  6733 | D:7      | Reached skill level 9 in Fighting
  6829 | D:7      | Noticed Joseph
  6849 | D:7      | Killed Joseph
  6915 | D:7      | Found a runed door.
  7001 | D:7      | Noticed Crazy Yiuf
  7005 | D:7      | Killed Crazy Yiuf
  7011 | D:7      | Got an ichor-stained mace
  7012 | D:7      | Identified the cursed +1 mace of Moram {flame, +Rage Dex+4} (You found it on level 7 of the Dungeon)
  7070 | D:7      | Reached **** piety under Trog
  7075 | D:7      | Found a shimmering altar of Xom.
  7134 | D:7      | Found an iron altar of Okawaru.
  7783 | D:7      | Reached skill level 10 in Fighting
  7824 | D:7      | Reached XP level 10. HP: 110/110 MP: 10/10
  7968 | D:8      | Noticed Gastronok
  7988 | D:8      | Killed Gastronok
  7988 | D:8      | Reached skill level 11 in Fighting
  8091 | D:8      | Found a runed door.
  8093 | D:8      | Noticed vierth's ghost (novice MiFi)
  8238 | D:8      | Found a shadowy altar of Dithmenos.
  8240 | D:8      | Noticed a two-headed ogre
  8252 | D:8      | Killed a two-headed ogre
  8252 | D:8      | Reached skill level 10 in Maces & Flails
  8312 | D:8      | Found a sand-covered staircase.
  8317 | Ossuary  | Entered an ossuary
  8898 | Ossuary  | Reached ***** piety under Trog
  8960 | D:8      | Found a white marble altar of Elyvilon.
  9445 | D:8      | Found a sacrificial altar of Ru.
  9627 | D:8      | Reached XP level 11. HP: 105/120 MP: 11/11
  9998 | D:8      | Killed vierth's ghost
  9998 | D:8      | Reached skill level 5 in Stealth
 10198 | D:9      | Found a blossoming altar of Fedhas.
 10330 | D:9      | Found a staircase to the Lair.
 10398 | D:9      | Reached skill level 12 in Fighting
 10647 | D:9      | Found a stormy altar of Qazlal.
 10770 | D:9      | Found a basalt altar of Yredelemnul.
 10770 | D:9      | Found a sparkling altar of Nemelex Xobeh.
 11265 | D:10     | Entered Level 10 of the Dungeon
 11742 | D:10     | Noticed Maurice
 11758 | D:10     | Killed Maurice
 11817 | D:10     | Noticed a two-headed ogre
 11826 | D:10     | Killed a two-headed ogre
 11976 | D:10     | Noticed a two-headed ogre
 11983 | D:10     | Killed a two-headed ogre
 12256 | D:10     | Reached XP level 12. HP: 133/133 MP: 12/12
 12931 | D:11     | Found a transporter.
 12974 | D:11     | Noticed a centaur warrior
 12991 | D:11     | Killed a centaur warrior
 12991 | D:11     | Reached skill level 13 in Fighting
 13257 | D:11     | Found a hazy altar of Hepliaklqana.
 13314 | D:11     | Reached ****** piety under Trog
 13440 | D:11     | Found a corrupted altar of Lugonu.
 13791 | Lair:1   | Entered Level 1 of the Lair of Beasts
 14928 | Lair:2   | Found a runed gate.
 14935 | Lair:2   | Found a runed gate.
 14935 | Lair:2   | Found a viscous altar of Jiyva.
 14935 | Lair:2   | Found a runed gate.
 14935 | Lair:2   | Noticed a death ooze
 14935 | Lair:2   | Noticed Ylunweux's ghost (journeyman GrFi)
 14981 | Lair:2   | Noticed a death yak
 14982 | Lair:2   | Noticed a death yak
 14983 | Lair:2   | Noticed a death yak
 14986 | Lair:2   | Noticed a death yak
 14986 | Lair:2   | Noticed a death yak
 14986 | Lair:2   | Noticed a death yak
 15006 | Lair:2   | Killed a death yak
 15015 | Lair:2   | Killed a death yak
 15034 | Lair:2   | Killed a death yak
 15785 | Lair:2   | Killed a death yak
 15785 | Lair:2   | Reached skill level 14 in Fighting
 15797 | Lair:2   | Killed a death yak
 15810 | Lair:2   | Killed a death yak
 16162 | Lair:2   | You fall through a shaft!
 16186 | Lair:3   | Reached XP level 13. HP: 138/146 MP: 13/13
 16193 | Lair:3   | Received a gift from Trog
 16665 | Lair:3   | Noticed Rupert
 16681 | Lair:3   | Killed Rupert
 17251 | Lair:3   | Got a faintly glowing scythe
 17252 | Lair:3   | Identified the +2 scythe of Unreason {protect, +Inv MR- Int+3} (You found it on level 3 of the Lair of Beasts)
 18063 | Lair:3   | Found a shimmering altar of Xom.
 18572 | Lair:2   | Reached skill level 15 in Fighting
 19468 | Lair:4   | Found a staircase to the Snake Pit.
 19608 | Lair:4   | Found a staircase to the Shoals.
 19879 | Lair:4   | Slain by a death yak

Vault maps used:
D:1:      lightli_arrival_statuegarden, kennysheep_another_room
D:2:      first_ration
D:4:      vehumet_crystals, minmay_gold_behind_fungi
D:5:      minmay_temple_entry_glassed_door, uniq_pikel
D:6:      old_standard_altar, serial_shops, nicolae_shop_crystal, shop
D:7:      lemuel_crystal_altar, okawaru_trees_2, uniq_joseph,
          uniq_crazy_yiuf_cottage
D:8:      nicolae_overflow_crystal_walls, nicolae_dithmenos_shadow_blocks,
          lightli_ossuary_entry_decrepit_ruins, hellmonk_ghost_happy_afterlife,
          grunt_livestock, nicolae_ru_great_annihilating_truth, uniq_gastronok
D:9:      nicolae_overflow_hidden_temple, grunt_qazlal_clouds,
          old_standard_altar, gammafunk_temple_overflow_elements,
          lair_entry_dummy
D:10:     kennysheep_spiral_hall, uniq_maurice
D:11:     gammafunk_corrupted_shrine, basic_altar
Lair:2:   gammafunk_ghost_ooze
Lair:3:   basic_altar, cheibrodos_lair_reptile_den, lemuel_fruit_tree,
          uniq_rupert
Lair:4:   elwin_shoals_entry_rooms, minmay_snake_entry_guardpost_medium
Lair:5:   serial_bayou_shore_b, grunt_megastairs_2
Ossuary:  ossuary_due_small_catacomb

Skill      XL: |  1  2  3  4  5  6  7  8  9 10 11 12 13 |
---------------+----------------------------------------+-----
Maces & Flails | 3 4 5 6 7 9 10 11 12 13 | 13.6
Dodging        | 3 4 5 6 7 8 9 |  9.5
Fighting       | 5 6 8 10 11 12 14 15 | 15.4
Stealth        | 1 2 3 4 6 7 |  7.3

Action                   |  1- 3 |  4- 6 |  7- 9 | 10-12 | 13-15 || total
-------------------------+-------+-------+-------+-------+-------++-------
Melee: Mace              |   137 |   108 |   143 |       |       ||   388
       Whip              |       |       |   216 |   804 |     6 ||  1026
       Morningstar       |       |       |       |       |   230 ||   230
Invok: Berserk           |     3 |     4 |     9 |    10 |     4 ||    30
       Trog's Hand       |       |     1 |     1 |     3 |     4 ||     9
  Use: Scroll            |       |       |    13 |    18 |     2 ||    33
 Stab: Sleeping          |       |       |     3 |    28 |     4 ||    35
  Eat: Chunk             |     5 |     9 |    13 |    23 |    23 ||    73
       Ration            |       |       |     3 |     5 |       ||     8
Armor: Animal skin       |    45 |    22 |    61 |     6 |       ||   134
       Robe              |       |       |       |    69 |    36 ||   105
Dodge: Dodged            |    89 |    62 |   216 |   253 |   132 ||   752

Table legend:
 A = Spawn XP
 B = Non-spawn XP
 C = Spawn XP percentage of total XP
 D = Spawn monster count
 E = Non-spawn monster count
 F = Spawn count percentage of total count
 G = Total turns spent on level
                    A         B        C        D         E        F      G
               +---------+---------+-------+---------+---------+-------+---------
         Total |       0 |   49000 |   0.0 |       0 |     385 |   0.0 | 19879
               +---------+---------+-------+---------+---------+-------+---------
           D:1 |       0 |      30 |   0.0 |       0 |      21 |   0.0 |   867
           D:2 |       0 |      43 |   0.0 |       0 |      10 |   0.0 |  1070
           D:3 |       0 |     382 |   0.0 |       0 |      33 |   0.0 |  1308
           D:4 |       0 |     586 |   0.0 |       0 |      23 |   0.0 |  1283
           D:5 |       0 |     927 |   0.0 |       0 |       4 |   0.0 |  1337
           D:6 |       0 |     916 |   0.0 |       0 |      19 |   0.0 |   793
           D:7 |       0 |    1963 |   0.0 |       0 |      40 |   0.0 |  1271
           D:8 |       0 |    5774 |   0.0 |       0 |      28 |   0.0 |  1498
           D:9 |       0 |    2737 |   0.0 |       0 |      30 |   0.0 |  1473
          D:10 |       0 |    4825 |   0.0 |       0 |      35 |   0.0 |   977
          D:11 |       0 |    2492 |   0.0 |       0 |      28 |   0.0 |  1291
        Lair:1 |       0 |    3201 |   0.0 |       0 |      15 |   0.0 |  1133
        Lair:2 |       0 |    8889 |   0.0 |       0 |      21 |   0.0 |  1649
        Lair:3 |       0 |    7916 |   0.0 |       0 |      26 |   0.0 |  2413
        Lair:4 |       0 |    6302 |   0.0 |       0 |      19 |   0.0 |   850
        Lair:5 |       0 |    1784 |   0.0 |       0 |       2 |   0.0 |    43
       Ossuary |       0 |     233 |   0.0 |       0 |      31 |   0.0 |   623
               +---------+---------+-------+---------+---------+-------+---------
